 Dungeon Crawl Stone Soup version 0.30-a0-824-g6c64550be9 (webtiles) character file.

Game seed: 1308701473519932503

9455 dialectric the Protected (level 11, 0/68 HPs)
             Began as a Gargoyle Fighter on Feb 27, 2023.
             Was a Believer of the Shining One.
             Slain by Snorg (4 damage)
             ... on level 10 of the Dungeon.
             The game lasted 00:16:52 (9800 turns).

dialectric the Protected (Gargoyle Fighter)         Turns: 9800, Time: 00:16:54

Health: 0/68       AC: 40    Str: 23    XL:     11   Next: 46%
Magic:  13/13      EV:  8    Int:  8    God:    the Shining One [**....]
Gold:   618        SH:  0    Dex: 11    Spells: 10/10 levels left

rFire   . . .      SeeInvis +    n - +2 flail (protect)
rCold   . . .      Faith    .    (no shield)
rNeg    + + .      Spirit   .    u - +0 plate armour
rPois   ∞          Reflect  .    (no helmet)
rElec   +          Harm     .    B - +2 cloak
rCorr   .          Rampage  .    g - +0 pair of gloves
Will    .....                    o - +2 pair of boots Stlth
                                 (no amulet)
HPRegen 0.31/turn                j - ring of see invisible
MPRegen 0.13/turn                (no ring)

@: under a protective aura, glowing
A: sickness immunity, AC +8, negative energy resistance 1, electricity
resistance, torment resistance 1, petrification resistance
a: Renounce Religion, Divine Shield


You were on level 10 of the Dungeon.
You worshipped the Shining One.
The Shining One was pleased with you.
You visited 2 branches of the dungeon, and saw 11 of its levels.
You also visited: Sewer.

You collected 618 gold pieces.

Inventory:

Hand Weapons
 h - a +0 morningstar
 n - a +2 flail of protection (weapon)
Armour
 c - a +0 buckler
 g - a +0 pair of gloves (worn)
 o - a +2 pair of boots (worn)
 u - a +0 plate armour (worn)
 y - the +5 robe of Night {Dark Will+ SInv}
   (You found it on level 7 of the Dungeon)

   Dark:      It shrouds the wearer in darkness, reducing the range at which
   they can see and be seen by others.
   SInv:      It lets you see invisible.
   Will:      It increases your willpower.
 B - a +2 cloak (worn)
 H - a +0 chain mail
Jewellery
 j - a ring of see invisible (left hand)
 G - an amulet of magic regeneration
Wands
 a - a wand of charming (7)
 b - a wand of polymorph (3)
 s - a wand of quicksilver (11)
 t - a wand of flame (21)
Scrolls
 d - a scroll of vulnerability
 e - 2 scrolls of amnesia
 f - 2 scrolls of blinking
 k - a scroll of immolation
 l - 7 scrolls of identify
 m - 2 scrolls of teleportation
 C - a scroll of magic mapping
 F - 2 scrolls of brand weapon {unknown}
 I - a scroll of poison {unknown}
 K - a scroll of fear {unknown}
Potions
 i - 3 potions of mutation {unknown}
 p - 4 potions of attraction
 q - a potion of experience {unknown}
 r - 2 potions of flight {unknown}
 v - 3 potions of might
 w - 2 potions of resistance {unknown}
 x - a potion of invisibility
 z - a potion of cancellation {unknown}
 A - a potion of haste {unknown}
 D - a potion of heal wounds
 E - 2 potions of curing
 L - a potion of magic {unknown}


   Skills:
 * Level 8.1 Fighting
 - Level 9.0 Maces & Flails
 - Level 2.0 Throwing
 * Level 13.9 Armour
 - Level 3.3 Dodging
 - Level 3.2 Shields
 * Level 3.3 Invocations
 + Level 0.4 Evocations


You had 10 spell levels left.
You didn't know any spells.
Your spell library contained the following spells:

 Spells                   Type           Power      Damage    Failure   Level
 Necrotise                Necr           0%         1d4       99%         1
 Lesser Beckoning         Tloc           0%         N/A       99%         2
 Static Discharge         Conj/Air       0%         2-2/arc   99%         2
 Gell's Gravitas          Tloc           0%         N/A       100%        3
 Teleport Other           Tloc           0%         N/A       100%        3
 Vampiric Draining        Necr           0%         2d6       100%        3
 Vhi's Electric Charge    Tloc/Air       0%         N/A       100%        3
 Leda's Liquefaction      Hex/Erth       0%         N/A       100%        4
 Petrify                  Tmut/Erth      0%         N/A       100%        4
 Agony                    Necr           0%         N/A       100%        5
 Arcjolt                  Conj/Air       0%         1d10      100%        5
 Irradiate                Conj/Tmut      0%         3d11      100%        5
 Lee's Rapid Deconstruct  Erth           0%         3d4*      100%        5
 Lightning Bolt           Conj/Air       0%         1d11      100%        5
 Summon Forest            Summ/Tloc      0%         N/A       100%        5
 Summon Mana Viper        Hex/Summ       0%         N/A       100%        5
 Summon Cactus Giant      Summ           0%         N/A       100%        6
 Sublimation of Blood     Necr           Unusable   N/A       N/A         2
 Statue Form              Tmut/Erth      Unusable   N/A       N/A         6

Dungeon Overview and Level Annotations

Branches:
Dungeon (10/15)            Temple (1/1) D:4           Sewer (visited)
   Lair: D:8-11         Orc: D:9-12

Altars:
Ashenzari
Dithmenos
Elyvilon
Fedhas
Kikubaaqudgha
Makhleb
Qazlal
Ru
Sif Muna
Trog
Uskayaw
Vehumet
Wu Jian
Yredelemnul
Zin
The Shining One

Shops:
D:5 :   D:7 :

Annotations:
D:4 Edmund
D:5 1 runed translucent door, retardedninja's ghost, novice GnFi
D:10 Snorg


Innate Abilities, Weirdness & Mutations

You are immune to sickness and miasma.
Your stone body is resilient. (AC +8)
You are immune to poison.
You resist negative energy. (rN+)
You are resistant to electric shocks. (rElec)
You are resistant to unholy torment.
You are immune to petrification.


Message History

You open the door.
Key pressed, stopping explore.
No target in view!
There is an open door here.
F - 2 scrolls labelled EMEVU REUT (gained 1)
You open the door.
There is an open door here.
As you open the door, it creaks loudly!
You hear a shout!
Snorg the Insatiable comes into view.
Found a potion of attraction and 3 stones.
Found a stone staircase leading down.
There is an open door here.
Snorg is nearby!
Found 3 boomerangs.
Snorg is nearby!
You sock Snorg!
Your weapon exudes an aura of protection.
Snorg is lightly wounded.
Snorg goes berserk!
You hit Snorg.
Snorg is lightly wounded.
Snorg bites you but does no damage. Snorg claws you but does no damage.
Snorg claws you.
You hit Snorg.
Snorg is lightly wounded.
Snorg bites you. Snorg claws you! Snorg closely misses you.
You sock Snorg!
Snorg is moderately wounded.
Snorg bites you!! Snorg claws you. Snorg claws you!
* * * LOW HITPOINT WARNING * * *
Snorg bites you but does no damage. Snorg barely misses you. Snorg claws you!
* * * LOW HITPOINT WARNING * * *
You are too injured to fight recklessly!
You are too injured to fight recklessly!
You are too injured to fight recklessly!
You are too injured to fight recklessly!
You are too injured to fight recklessly!
You are too injured to fight recklessly!
Snorg barely misses you. Snorg claws you.
You die...

########## #........#
###### #........#
#....########........#
#....##.....@T.......#
###....##.#####...>.!..#
###.'....'..# #...(....#
....#....#### #........#
#####....# #.......(#
#....# #........+ #....#
#........# ##+###
#........# ###+######


You could see Snorg (berserk).

Vanquished Creatures
  2 two-headed ogres (D:9)
  Maggie (D:10)
  2 kobold demonologists (D:9)
  A troll (D:9)
  Grinder (D:3)
  4 dream sheep (D:7)
  2 shadows (D:7)
  2 vampire mosquitoes (D:7)
  9 yaks
  Menkaure (D:4)
  2 water moccasins
  Duvessa (D:7)
  6 orc warriors
  A sky beast (D:6)
  4 ice beasts
  2 ogres (D:5)
  2 centaurs
  2 phantoms
  8 kobold brigands
  A bullfrog (D:7)
  A gnoll sergeant (D:8)
  2 necrophages
  3 scorpions (D:5)
  4 wights (D:9)
  Dowan (D:7)
  6 killer bees (D:9)
  3 hounds
  5 orc priests
  A gnoll bouda (D:6)
  2 jellies
  10 orc wizards
  10 adders
  16 gnolls
  6 river rats (Sewer)
  3 ufetubi
  4 worms
  5 dart slugs
  56 orcs
  12 ball pythons
  9 bats
  5 endoplasms
  4 giant cockroaches
  5 goblins
  8 hobgoblins
  7 jackals
  32 kobolds
  7 quokkas
  2 frilled lizards
  26 rats
309 creatures vanquished.

Vanquished Creatures (others)
  A gnoll (D:7)
1 creature vanquished.

Grand Total: 310 creatures vanquished

Notes
Turn   | Place    | Note
-------+----------+-------------------------------------------
     0 | D:1      | dialectric the Gargoyle Fighter began the quest for the
                  | Orb.
     0 | D:1      | Reached XP level 1. HP: 14/14 MP: 1/1
    92 | D:1      | Reached XP level 2. HP: 18/19 MP: 2/2
   115 | D:1      | Found a faded altar of an unknown god.
   476 | D:1      | Reached XP level 3. HP: 23/23 MP: 3/3
   530 | D:1      | Reached skill level 1 in Dodging
   734 | D:1      | Found Coewniol's Armour Emporium.
   932 | D:1      | Reached XP level 4. HP: 27/29 MP: 4/4
   959 | D:2      | Reached skill level 4 in Armour
  1677 | D:3      | Reached XP level 5. HP: 33/33 MP: 5/5
  1913 | D:3      | Noticed Grinder
  1914 | D:3      | Paralysed by Grinder for 5 turns
  1931 | D:3      | Paralysed by Grinder for 2 turns
  1950 | D:3      | Paralysed by Grinder for 5 turns
  1965 | D:3      | Killed Grinder
  1966 | D:3      | Reached XP level 6. HP: 26/39 MP: 6/6
  2380 | D:3      | Reached skill level 5 in Armour
  2478 | D:4      | Noticed Menkaure
  2486 | D:4      | Killed Menkaure
  2487 | D:4      | Reached skill level 5 in Fighting
  2487 | D:4      | Reached XP level 7. HP: 21/44 MP: 7/7
  2782 | D:4      | Noticed Edmund
  2808 | D:4      | Found a bloodstained altar of Trog.
  3032 | D:4      | Found a staircase to the Ecumenical Temple.
  3227 | D:5      | Entered Level 5 of the Dungeon
  3390 | D:5      | Found a runed translucent door.
  3484 | D:5      | Found Innout's Tremendous Tomes.
  3539 | D:5      | Reached XP level 8. HP: 51/51 MP: 8/8
  3589 | D:5      | Reached skill level 6 in Armour
  3613 | D:5      | Reached skill level 5 in Maces & Flails
  3927 | D:5      | Found a shadowy altar of Dithmenos.
  3978 | D:5      | Noticed retardedninja's ghost (novice GnFi)
  4279 | D:6      | Found a radiant altar of Vehumet.
  4321 | D:6      | Found an ornate altar of the Wu Jian Council.
  4495 | D:6      | Found a glowing drain.
  4499 | Sewer    | Entered a sewer
  4774 | Sewer    | Reached XP level 9. HP: 49/55 MP: 9/9
  5630 | Temple   | Entered the Ecumenical Temple
  5657 | Temple   | Became a worshipper of the Shining One
  5815 | D:7      | Reached skill level 7 in Armour
  5887 | D:7      | Found a burning altar of Makhleb.
  6330 | D:7      | Found Waekan's Book Emporium.
  6363 | D:7      | Reached skill level 8 in Armour
  6375 | D:7      | Reached skill level 9 in Armour
  6381 | D:7      | Reached XP level 10. HP: 45/60 MP: 10/10
  6444 | D:7      | Found the +5 robe of Night {Dark Will+ SInv}
  6453 | D:7      | Reached skill level 10 in Armour
  6742 | D:7      | Noticed Duvessa
  6742 | D:7      | Noticed Dowan
  6756 | D:7      | Killed Duvessa
  6761 | D:7      | Killed Dowan
  6799 | D:7      | Reached * piety under the Shining One
  6807 | D:7      | Reached skill level 11 in Armour
  7045 | D:8      | Reached skill level 1 in Throwing
  7556 | D:8      | Found a shimmering blue altar of Sif Muna.
  7827 | D:9      | Noticed a kobold demonologist
  7828 | D:9      | Noticed a kobold demonologist
  7831 | D:9      | Noticed an orange demon
  7836 | D:9      | Noticed a rust devil
  7837 | D:9      | Killed a kobold demonologist
  7838 | D:9      | Reached skill level 12 in Armour
  7842 | D:9      | Killed a kobold demonologist
  7843 | D:9      | Reached skill level 1 in Invocations
  7921 | D:9      | Found a broken altar of Ashenzari.
  7921 | D:9      | Found a stormy altar of Qazlal.
  8184 | D:9      | Found an ancient bone altar of Kikubaaqudgha.
  8319 | D:9      | Noticed a two-headed ogre
  8332 | D:9      | Killed a two-headed ogre
  8333 | D:9      | Reached skill level 13 in Armour
  8333 | D:9      | Reached XP level 11. HP: 34/66 MP: 12/12
  8567 | D:9      | Reached ** piety under the Shining One
  8571 | D:9      | Noticed a two-headed ogre
  8891 | D:9      | Killed a two-headed ogre
  9435 | D:10     | Entered Level 10 of the Dungeon
  9450 | D:10     | Noticed Maggie
  9467 | D:10     | Killed Maggie
  9717 | D:10     | Found a white marble altar of Elyvilon.
  9718 | D:10     | Found a blossoming altar of Fedhas.
  9719 | D:10     | Found a sacrificial altar of Ru.
  9720 | D:10     | Found a hide-covered altar of Uskayaw.
  9791 | D:10     | Noticed Snorg
  9798 | D:10     | HP: 3/68 [Snorg (16)]
  9800 | D:10     | Slain by Snorg

Illustrated notes

Levels and vault maps discovered:
D:1:      dpeg_arrival_round_c, layout_basic,
          shapermc_ecumenical_altar_starsandcircs, serial_shops,
          nicolae_shop_crystal, minmay_misc_feat_roman
D:2:      layout_rooms
D:3:      layout_basic, nicolae_wormholes, uniq_grinder
D:4:      layout_loops_ring, lemuel_tele_altar, minmay_temple_entry_grid,
          uniq_edmund, uniq_menkaure
D:5:      layout_cave_pools, grunt_dithmenos_shadows,
          ebering_ghost_reflecting_pool, nicolae_shop_i_like_big_books
D:6:      layout_basic, mainiacjoe_overflow_brackets, fiery_altar_vehumet,
          gup_sewer_entry_bowl
D:7:      layout_rooms, makhleb_heckhound_becter, tgw_xom, grunt_ministairs_15,
          nicolae_inconvenience_store, hellmonk_guarded_unrand_night,
          uniq_duvessa
D:8:      layout_cave_pools, led_sif_book
D:9:      layout_gridville, gammafunk_temple_overflow_wave,
          overflow_temple_1_default, special_room [special_room_orc],
          chequers_serial_rivers_micro_e
D:10:     layout_roguey, mainiacjoe_overflow_alcove_3, uniq_snorg, uniq_maggie
Temple:   hellmonk_temple_forest_ring

Skill      XL: |  1  2  3  4  5  6  7  8  9 10 11 |
---------------+----------------------------------+-----
Dodging        | 1 2 3 |  3.3
Armour         | 4 5 6 9 13 | 13.9
Maces & Flails | 3 4 7 9 |  9.0
Fighting       | 4 5 6 8 |  8.1
Throwing       | 2 |  2.0
Invocations    | 2 3 |  3.3
Shields        | |  3.2
Evocations     | |  0.4

Action                     |  1- 3 |  4- 6 |  7- 9 | 10-12 || total
---------------------------+-------+-------+-------+-------++-------
  Melee: Flail             |   126 |   153 |   509 |   465 ||  1253
         Punch             |       |     4 |     8 |    14 ||    26
  Throw: Dart              |       |       |     4 |       ||     4
         Throwing net      |       |       |       |     1 ||     1
  Evoke: Wand              |       |       |     1 |     1 ||     2
    Use: Potion            |     2 |     1 |     3 |       ||     6
         Scroll            |       |       |     9 |     3 ||    12
 Armour: Scale mail        |   129 |    81 |   496 |    98 ||   804
         Skin              |       |     4 |       |       ||     4
         Robe              |       |       |       |   154 ||   154
         Plate armour      |       |       |       |   188 ||   188
  Dodge: Dodged            |   116 |    77 |   368 |   383 ||   944

Table legend: (Time is in decaauts)
 A = Elapsed time spent in this place.
 B = Non-inter-level travel time spent in this place.
 C = Inter-level travel time spent in this place.
 D = Time resting spent in this place.
 E = Time spent auto-exploring this place.
 F = Levels seen in this place.
 G = Mean time per level.
                   A        B        C        D        E       F      G
               +--------+--------+--------+--------+--------+-----+--------+
         Total |   9918 |   9520 |    398 |    776 |   5671 |  12 |  826.5 |
       Dungeon |   9287 |   8900 |    387 |    776 |   5349 |  10 |  928.7 |
        Temple |     39 |     28 |     11 |      0 |      5 |   1 |   39.0 |
         Sewer |    591 |    591 |      0 |      0 |    316 |   1 |  591.0 |
               +--------+--------+--------+--------+--------+-----+--------+

Top non-repeatable levels by time:
     D:9: 1435 daAuts
     D:7: 1195 daAuts
     D:3: 1131 daAuts
     D:6: 1012 daAuts
     D:5: 998 daAuts
     D:8: 915 daAuts
     D:1: 855 daAuts
     D:4: 843 daAuts
   Sewer: 591 daAuts
     D:2: 537 daAuts
    D:10: 362 daAuts
  Temple: 39 daAuts
